 Dungeon Crawl Stone Soup version 0.32-a0-876-gcfddb08e57 (webtiles) character file.

Game seed: 11461164198660128001

55 dcgrp the Firebug (level 3, -2/31 HPs)
             Began as a Mountain Dwarf Fire Elementalist on Mar 31, 2024.
             Slain by Sigmund
             ... wielding a +1 scythe of venom
              (9 damage)
             ... on level 2 of the Dungeon.
             The game lasted 00:04:26 (1846 turns).

dcgrp the Firebug (MDFE)                            Turns: 1846, Time: 00:04:27

Health: -2/31      AC:  5    Str: 10    XL:     3   Next: 67%
Magic:  3/5        EV:  8    Int: 17    God:
Gold:   28         SH:  3    Dex: 10    Spells: 4/5 levels left

rFire   . . .        f - +1 dagger
rCold   . . .        i - +0 buckler
rNeg    . . .        j - +0 ring mail
rPois   .            (no helmet)
rElec   .            (no cloak)
rCorr   .            (no gloves)
SInv    .            (no boots)
Will    .....        (no amulet)
Stlth   +            (no ring)
HPRegen 0.25/turn    (no ring)
MPRegen 0.09/turn

%: no passive effects
@: lethally poisoned (-2 -> -8), attractive
A: runic magic, artefact enchanting
a: no special abilities


You were on level 2 of the Dungeon.
You visited 1 branch of the dungeon, and saw 2 of its levels.

You collected 28 gold pieces.

Inventory:

Hand Weapons
 f - a +1 dagger (weapon)
Armour
 a - a +0 robe
 i - a +0 buckler (worn)
 j - a +0 ring mail (worn)
Scrolls
 d - a scroll of silence
 e - a scroll of identify {@r1}
 g - a scroll of enchant weapon
 h - a scroll of enchant armour {unknown}
 k - a scroll of immolation {unknown}


   Skills:
 - Level 3.0 Fighting
 + Level 1.0 Armour
 - Level 1.3 Dodging
 - Level 1.4 Stealth
 + Level 1.0 Shields
 - Level 1.7 Spellcasting
 - Level 0.8 Conjurations
 + Level 3.9 Fire Magic


You had 4 spell levels left.
You knew the following spells:

 Your Spells              Type           Power      Damage    Failure   Level
a - Foxfire               Conj/Fire      36%        2x1d5     14%         1

Your spell library contained the following spells:

 Spells                   Type           Power      Damage    Failure   Level
 Scorch                   Fire           28%        2d6       12%         2
 Inner Flame              Hex/Fire       8%         N/A       45%         3
 Volatile Blastmotes      Fire/Tloc      16%        2d11      45%         3
 Passwall                 Erth           1%         N/A       75%         3
 Teleport Other           Tloc           1%         N/A       75%         3
 Flame Wave               Conj/Fire      9%         2d6       80%         4
 Vhi's Electric Charge    Tloc/Air       2%         N/A       98%         4
 Bombard                  Conj/Erth      1%         9d1       100%        6
 Dispersal                Tloc           0%         N/A       100%        6
 Gell's Gavotte           Tloc           0%         2d(11-16) 100%        6


Dungeon Overview and Level Annotations

Branches:
Dungeon (2/15)

Altars:

Shops:
D:2 (

Annotations:
D:2 Sigmund


Innate Abilities, Weirdness & Mutations

Your spellcasting is much less encumbered by armour.
You can use scrolls of enchantment on lesser artefacts.


Message History

Sigmund is moderately wounded.
You feel sick.
The giant cockroach bites you but does no damage.
Sigmund mumbles some strange words.
Sigmund flickers and vanishes!
Deactivating autopickup; reactivate with Ctrl-A.
The giant cockroach bites you.
It was a potion of attraction.
You feel attractive to monsters.
You feel sick. You block the giant cockroach's attack.
You hear some strange, mumbled words.
A puff of flame appears from out of thin air!
The puff of flame misses you. Magic courses through your body.
You feel sick. The giant cockroach misses you.
Something hits you but does no damage.
You are more poisoned.
Casting: Foxfire (safe; 14% risk of failure)
Confirm with . or Enter, or press ? or * to list all spells.
You conjure some foxfire!
You feel very sick. You block the giant cockroach's attack.
Casting: Foxfire (safe; 14% risk of failure)
Confirm with . or Enter, or press ? or * to list all spells.
You conjure some foxfire!
You feel sick.
The foxfire hits something. x2
You block the giant cockroach's attack. You block something's attack.
The giant cockroach bites you but does no damage.
Casting: Foxfire (safe; 14% risk of failure)
Confirm with . or Enter, or press ? or * to list all spells.
You conjure some foxfire!
* * * LOW HITPOINT WARNING * * *
You feel very sick.
The foxfire hits something.
The foxfire hits the giant cockroach.
You kill the giant cockroach!
You hear some strange, mumbled words.
Something tries to affect you, but you resist.
As you read the scroll labelled WUSILU ZALIS, it crumbles to dust.
It is a scroll of identify.
d - a scroll of silence You feel sick.
The foxfire hits something. x2; Something hits you!
You die...

#..#.###..#######
#.........#
#..#.####.#
####..#.####.#
#####
##...##.......#
#...#
##.....##.######
#...# #.....).#.#
#...# #...§.†...#
##..# #....@..#.#
####...
##†..{.#.....
........
##...##..###
##.#####
###....## #
######


There were no monsters in sight!

Vanquished Creatures
  2 adders (D:2)
  4 bats
  3 endoplasms
  2 giant cockroaches
  4 goblins
  4 hobgoblins
  7 ball pythons
  2 frilled lizards
  3 kobolds
  6 rats
37 creatures vanquished.

Vanquished Creatures (others)
  133 foxfires
133 creatures vanquished.

Grand Total: 170 creatures vanquished

Notes
Turn   | Place    | Note
-------+----------+-------------------------------------------
     0 | D:1      | dcgrp the Mountain Dwarf Fire Elementalist began the quest
                  | for the Orb.
     0 | D:1      | Reached XP level 1. HP: 14/14 MP: 3/3
   165 | D:1      | Reached skill level 1 in Fighting
   283 | D:1      | Reached XP level 2. HP: 24/24 MP: 0/4
  1325 | D:2      | Reached XP level 3. HP: 30/30 MP: 2/5
  1761 | D:2      | Reached skill level 1 in Armour
  1761 | D:2      | Reached skill level 1 in Shields
  1826 | D:2      | Found Jop Wux's Weapon Emporium.
  1831 | D:2      | Noticed Sigmund
  1846 | D:2      | Slain by Sigmund

Illustrated notes

Levels and vault maps discovered:
D:1:      mrwooster_arrival_statue_3, layout_loops_cross,
          kennysheep_pointless_box, st_stairs_12
D:2:      layout_loops_ring, serial_shops, nicolae_shop_bloodbath_and_beyond,
          minmay_misc_feat_cross, uniq_sigmund, uniq_natasha

Skill      XL: |  1  2  3 |
---------------+----------+-----
Fighting       | 2 3 |  3.0
Armour         | 1 |  1.0
Shields        | 1 |  1.0
Dodging        | |  1.3
Stealth        | |  1.4
Spellcasting   | |  1.7
Conjurations   | |  0.8
Fire Magic     | |  3.9

Action                     || total
---------------------------++-------
  Melee: Unarmed           ||    16
         Dagger            ||    26
   Cast: Foxfire           ||    84
    Use: Scroll            ||     2
         Potion            ||     2
 Armour: Robe              ||    25
         Ring mail         ||    14
  Dodge: Dodged            ||    48
  Block: Buckler           ||    12

Table legend: (Time is in decaauts)
 A = Elapsed time spent in this place.
 B = Non-inter-level travel time spent in this place.
 C = Inter-level travel time spent in this place.
 D = Time resting spent in this place.
 E = Time spent auto-exploring this place.
 F = Levels seen in this place.
 G = Mean time per level.
                   A        B        C        D        E       F      G
               +--------+--------+--------+--------+--------+-----+--------+
         Total |   1847 |   1773 |     74 |      0 |   1446 |   2 |  923.5 |
       Dungeon |   1847 |   1773 |     74 |      0 |   1446 |   2 |  923.5 |
               +--------+--------+--------+--------+--------+-----+--------+

Top non-repeatable levels by time:
     D:1: 1244 daAuts
     D:2: 602 daAuts
